 Dungeon Crawl Stone Soup version 0.20-a0-828-gbdc6353 (webtiles) character file.

242 Lavandula the Slasher (level 6, 0/35 HPs)
             Began as a Tengu Warper on Mar 6, 2017.
             Succumbed to a worker ant's poison
             ... on level 4 of the Dungeon.
             The game lasted 00:10:29 (4271 turns).

Lavandula the Slasher (Tengu Warper)                Turns: 4271, Time: 00:10:30

Health: 0/35       AC:  3    Str: 11    XL:     6   Next: 9%
Magic:  10/10      EV: 18    Int: 14    God:
Gold:   48         SH:  0    Dex: 20    Spells: 9/9 levels left

rFire    . . .     SeeInvis .   n - +2 dagger (venom)
rCold    . . .     Gourm    .   b - +0 leather armour
rNeg     . . .     Faith    .   (no shield)
rPois    .         Spirit   .   (helmet restricted)
rElec    .         Reflect  .   (no cloak)
rCorr    .         Harm     .   (no gloves)
MR       .....                  (boots unavailable)
Stlth    +++.......             (no amulet)
Regen    0.2/turn               (no ring)
MPRegen  0.2/turn               (no ring)

@: agile, lethally poisoned (0 -> -29)
A: beak, talons 3, able to fly 1
a: Fly


You were on level 4 of the Dungeon.
You were hungry.

You visited 1 branch of the dungeon, and saw 4 of its levels.

You collected 48 gold pieces.

Inventory:

Hand Weapons
 a - a +0 falchion
 n - a +2 dagger of venom (weapon)
 w - a cursed -2 short sword
Missiles
 e - 2 tomahawks of dispersal
 o - 63 stones (quivered)
 t - 2 throwing nets
Armour
 b - a +0 leather armour (worn)
Jewellery
 p - an uncursed ring of protection from fire {unknown}
 x - an uncursed ring of see invisible {unknown}
Scrolls
 g - a scroll of immolation {unknown}
 l - 2 scrolls of identify {unknown}
 s - a scroll of teleportation {unknown}
 v - 2 scrolls of remove curse {unknown}
 y - 2 scrolls of amnesia {unknown}
Potions
 d - a potion of agility
 i - 2 potions of cancellation
 m - 2 potions of ambrosia {unknown}
 q - 2 potions of flight {unknown}
 r - a potion of heal wounds {unknown}
 u - a potion of lignification {unknown}
 z - a potion of brilliance {unknown}
Books
 c - a book of Spatial Translocations

   Spells                             Type                      Level
   a - Blink                          Translocation                2
   b - Shroud of Golubria             Charms/Translocation         2
   c - Lesser Beckoning               Translocation                3
   d - Gell's Gravitas                Translocation                3
   e - Teleport Other                 Translocation                3
   f - Passage of Golubria            Translocation                4
Comestibles
 f - 2 bread rations
 h - 2 royal jellies
 j - 3 meat rations
 k - 3 fruits


   Skills:
 - Level 2.0 Fighting
 + Level 6.4 Long Blades
 - Level 1.0 Throwing
 - Level 1.1 Armour
 - Level 3.0 Dodging
 - Level 2.0 Spellcasting
   Level 2.4 Translocations


You had 9 spell levels left.
You didn't know any spells.

Dungeon Overview and Level Annotations

Branches:
Dungeon (4/15)
 Temple: D:4-7

Altars:
Ashenzari

Annotations:
D:3 Laan's ghost, amateur OgBe


Innate Abilities, Weirdness & Mutations

You have a beak for a mouth.
You have claws for feet.
You can fly.


Message History

The tomahawk of dispersal hits the quokka skeleton!
The quokka skeleton blinks!
You feel a bit more experienced.
* * * LOW HITPOINT WARNING * * *
You feel very sick. The worker ant bites you.
* * * LOW HITPOINT WARNING * * *
The worker ant barely misses you.
Okay, then.
Okay, then.
You don't know any spells.
Unknown command.
It was a potion of cancellation.
You feel magically purged.
* * * LOW HITPOINT WARNING * * *
You feel sick. The worker ant bites you.
* * * LOW HITPOINT WARNING * * *
You are more poisoned.
The worker ant poisons you!
It was a potion of agility.
You feel agile all of a sudden.
You die...

######.#######
.............>#
##########.####
#.# #.# #.# #.#
#.# #@# #a# #..
#.## #.. #..
#.. #(.#


You could see a worker ant.

Vanquished Creatures
  A phantom (D:3)
  5 adders
  3 gnolls
  An ooze (D:3)
  3 worms
  3 dart slugs
  3 leopard geckos
  5 giant cockroaches
  5 goblins
  4 hobgoblins
  9 kobolds
  3 quokkas
  6 bats
  3 frilled lizards
  A quokka skeleton (D:4)
  14 rats
69 creatures vanquished.

Notes
Turn   | Place    | Note
-------+----------+-------------------------------------------
     0 | D:1      | Lavandula the Tengu Warper began the quest for the Orb.
     0 | D:1      | Reached XP level 1. HP: 12/12 MP: 4/4
   304 | D:1      | Reached skill level 3 in Long Blades
   304 | D:1      | Reached XP level 2. HP: 13/17 MP: 6/6
   982 | D:2      | Reached XP level 3. HP: 21/21 MP: 7/7
   996 | D:2      | Reached skill level 4 in Long Blades
  1070 | D:2      | Found a shattered altar of Ashenzari.
  1362 | D:2      | Reached XP level 4. HP: 18/26 MP: 8/8
  2544 | D:2      | Reached skill level 5 in Long Blades
  2839 | D:2      | Gained mutation: You can fly. [Tengu growth]
  2839 | D:2      | Reached XP level 5. HP: 13/30 MP: 9/9
  3151 | D:3      | Noticed Laan's ghost (amateur OgBe)
  3221 | D:3      | Noticed a phantom
  3277 | D:3      | Killed a phantom
  3277 | D:3      | Reached skill level 6 in Long Blades
  3454 | D:3      | Reached XP level 6. HP: 32/35 MP: 10/10
  4271 | D:4      | Succumbed to a worker ant's poison

Vault maps used:
D:1:      minmay_arrival_cross
D:2:      nicolae_ashenzari_panopticon
D:3:      first_bread

Skill      XL: |  1  2  3  4  5 |
---------------+----------------+-----
Long Blades    | 3 4 5 6 |  6.4
Dodging        | 3 |  3.0
Fighting       | |  2.0
Throwing       | |  1.0
Armour         | |  1.1
Spellcasting   | |  2.0
Translocations | |  2.4

Action                   |  1- 3 |  4- 6 || total
-------------------------+-------+-------++-------
Melee: Falchion          |    70 |   127 ||   197
       Kick              |    15 |    43 ||    58
       Peck              |    10 |    21 ||    31
       Dagger            |       |     3 ||     3
Throw: Stone             |     8 |    54 ||    62
       Tomahawk          |       |     3 ||     3
  Use: Potion            |     1 |     3 ||     4
       Scroll            |     1 |       ||     1
 Stab: Sleeping          |       |     1 ||     1
  Eat: Chunk             |     1 |     9 ||    10
Armor: Leather armour    |     8 |    15 ||    23
Dodge: Dodged            |    39 |    88 ||   127
       Rpst.: Falchion   |    13 |    32 ||    45
